 Dungeon Crawl Stone Soup version 0.27-a0-1123-g2f9bb313c0 (webtiles) character file.

Game seed: 7187497944054314731

28 karrick the Ducker (level 3, 0/28 HPs)
             Began as a Djinni Gladiator on May 4, 2021.
             Slain by an orc priest
             ... wielding a +2 hand axe of venom
              (4 damage)
             ... on level 2 of the Dungeon.
             The game lasted 00:01:56 (991 turns).

karrick the Ducker (Djinni Gladiator)                Turns: 991, Time: 00:01:57

Health: 0/28       AC:  4    Str: 13    XL:     3   Next: 14%
Gold:   29         EV: 12    Int: 10    God:
                   SH:  0    Dex: 14

rFire    + + .     SeeInvis +   a - +0 long sword
rCold    x . .     Faith    .   (no shield)
rNeg     + . .     Spirit   .   b - +0 leather armour
rPois    ∞         Reflect  .   c - +0 helmet
rElec    .         Harm     .   (no cloak)
rCorr    .         Rampage  .   (no gloves)
Will     .....                  (boots unavailable)
Stlth    +.........             (no amulet)
HPRegen  0.09/turn              i - ring of see invisible
MPRegen  0.00/turn              j - ring of positive energy

@: confused, flying, hasted, very quick
A: fire resistance 2, cold vulnerability 1, float, innate caster, hp casting,
extra vitality 1
a: no special abilities


You were on level 2 of the Dungeon.
You visited 1 branch of the dungeon, and saw 2 of its levels.

You collected 29 gold pieces.

Inventory:

Hand Weapons
 a - a +0 long sword (weapon)
Missiles
 d - 3 throwing nets (quivered)
Armour
 b - a +0 leather armour (worn)
 c - a +0 helmet (worn)
Jewellery
 i - a ring of see invisible (left hand)
 j - a ring of positive energy (right hand)
Scrolls
 e - a scroll of noise {unknown}
 f - a scroll of identify {unknown}
 h - a scroll of magic mapping {unknown}
Potions
 g - a potion of haste


   Skills:
 + Level 2.1 Fighting
 + Level 3.2 Long Blades
 + Level 1.6 Throwing
 + Level 0.8 Armour
 + Level 3.6 Dodging


You had one spell level left.
You knew the following spells:

 Your Spells              Type           Power      Damage    Failure   Level
a - Pain                  Necr           0%         1d4       43%         1
Your spell library was empty.

Dungeon Overview and Level Annotations

Branches:
Dungeon (2/15)

Altars:

Shops:
D:1 !


Innate Abilities, Weirdness & Mutations

You are immune to poison.
Your flesh is very heat resistant. (rF++)
You are vulnerable to cold. (rC-)
You float through the air rather than walking.
You learn spells naturally, not from books.
Your magical power is your life essence.
You have superior vitality. (+4 HP)


Message History

A goblin comes into view. It is wielding a +0 club.
You hear a shout!
You are too confused!
You are too confused!
You are too confused!
You are too confused!
Unknown command.
You're too confused to move!
You hear a shout!
You hear an angry hiss.
The orc wizard misses you.
You miss the orc wizard. The orc wizard closely misses you.
You barely miss the orc wizard.
The orc wizard hits you with a +0 dagger.
The orc priest mumbles some strange prayers to Beogh against you.
Beogh smites you!
Ouch! That really hurt!
* * * LOW HITPOINT WARNING * * *
You hear a shout! x2
It was a potion of haste.
You feel yourself speed up. The orc wizard barely misses you.
Unknown command.
You bump into the rock wall.
The orc wizard hits you with a +0 dagger.
* * * LOW HITPOINT WARNING * * *
Unknown command.
You bump into the rock wall.
Unknown command.
You are too confused!
You feel less confused.
You see here a scroll labelled IXABER UTSEN.
The orc wizard gestures at you while chanting.
You are confused.
You bump into the rock wall.
You bump into the rock wall.
You bump into the rock wall.
You feel less confused. The orc wizard casts a spell at you.
You are confused.
The orc priest hits you with a +2 hand axe of venom.
You die...

..... #.............
..... +.......##....
.....###.......# ....
.............### .....
.............# ....
.............# .....
.............#### .....
...............o#.....#
##....†....@..#o#.....#
#.....##.o####.'......
#..... #.#.#...#......
#..... ###?##..#......
#####. #.$)?o#.# .....
##..##o###........ #.
#.# #.......# #
##..##......#


go........ You could see an orc priest and an orc wizard.

Vanquished Creatures
  A dart slug (D:2)
  2 bats
  An endoplasm (D:2)
  A giant cockroach (D:2)
  2 goblins (D:1)
  A hobgoblin (D:2)
  4 jackals (D:1)
  2 kobolds
  A quokka (D:1)
  2 ball pythons
  2 frilled lizards
  5 rats (D:1)
24 creatures vanquished.

Vanquished Creatures (others)
  A rat (D:1)
1 creature vanquished.

Grand Total: 25 creatures vanquished

Notes
Turn   | Place    | Note
-------+----------+-------------------------------------------
     0 | D:1      | karrick the Djinni Gladiator began the quest for the Orb.
     0 | D:1      | Reached XP level 1. HP: 18/18 MP: 0/0
   221 | D:1      | Found a faded altar of an unknown god.
   230 | D:1      | Found Nolanluk's Distillery.
   243 | D:1      | Reached XP level 2. HP: 23/23 MP: 0/0
   891 | D:2      | Reached XP level 3. HP: 28/28 MP: 0/0
   891 | D:2      | Learned a level 1 spell: Pain
   991 | D:2      | Slain by an orc priest

Illustrated notes

Levels and vault maps discovered:
D:1:      onia_arrival_mini_spirals, layout_rooms,
          chequers_ecumenical_altar_simple_redux, serial_shops, shop,
          lemuel_old_faithful
D:2:      layout_basic, basic_altar, st_stairs_8, minmay_octomino_j4,
          uniq_terence

Skill      XL: |  1  2 |
---------------+-------+-----
Long Blades    | 3 |  3.2
Fighting       | |  2.1
Throwing       | |  1.6
Armour         | |  0.8
Dodging        | |  3.6

Action                   || total
-------------------------++-------
Melee: Long sword        ||    59
  Use: Potion            ||     1
Armor: Leather armour    ||    17
Dodge: Dodged            ||    52
       Rpst.: Long sword ||    15

Table legend: (Time is in decaauts)
 A = Elapsed time spent in this place.
 B = Non-inter-level travel time spent in this place.
 C = Inter-level travel time spent in this place.
 D = Time resting spent in this place.
 E = Time spent auto-exploring this place.
 F = Levels seen in this place.
 G = Mean time per level.
                   A        B        C        D        E       F      G
               +--------+--------+--------+--------+--------+-----+--------+
         Total |    998 |    992 |      6 |      0 |    822 |   2 |  499.0 |
       Dungeon |    998 |    992 |      6 |      0 |    822 |   2 |  499.0 |
               +--------+--------+--------+--------+--------+-----+--------+

Top non-repeatable levels by time:
     D:1: 666 daAuts
     D:2: 332 daAuts
